[Event "Championnat d'Europe de Blitz"]
[Date "2024.12.09"]
[White "Janik, Igor"]
[Black "Djurovic, Peko"]
[WhiteElo "2515"]
[BlackElo "2253"]
[Round "2.34"]
[Result "1-0"]
[TimeControl "180+2"]

1. e4 c5 2.
Nf3 Nc6 3. Bb5 g6 4. Bxc6 dxc6 5. d3 Bg7 6. h3 Nf6 7. O-O Nd7 8. Re1 e5 9. a3 Qe7 10. b4 cxb4 11. axb4 Nf8 12. b5 Ne6 13. Nc3 O-O 14. bxc6 bxc6 15. Ba3 c5 16. Nd5 Qd6 17. Nd2 Ba6 18. Bb2 Bb5 19. Ra5 a6 20. Qa1 Nd4 21. Qc1 h6 22. c4 Bc6 23. Bxd4 cxd4 24. Qa1 Bxd5 25. cxd5 f5 26. Nc4 Qf6 27.
Qa2 fxe4 28.
Rxe4 Qf5 29. d6 Kh7 30. Nxe5 Qh5 31. Nf3 Rf5 32. Rxf5 Qxf5 33. Nxd4 Qc5 34. Qf7 Qxd6 35. Ne6 Rg8 36. Rh4 Qe5 37. d4 Qe1+ 38. Kh2 Qd2 39. f4 Kh8 40. Qxg6 1-0

[Site "Europe Echecs"]

[Event "Championnat d'Europe de Blitz"]
[Date "2024.12.09"]
[White "Krasteva, Beloslava"]
[Black "Georgiev, Kiril"]
[WhiteElo "2281"]
[BlackElo "2537"]
[Round "2.35"]
[Result "0-1"]
[TimeControl "180+2"]

1. d4 Nf6 2. c4 Nc6 3. Nf3 e6 4. Nc3 Bb4 5. Qc2 d6 6. e4 O-O 7. Bd3 e5 8. d5 Bxc3+ 9. Qxc3 Ne7 10. h3 Ng6 11. Be3 Nh5 12.
O-O-O Nhf4 13. g3 Nxd3+ 14. Qxd3 f5 15. Nd2 Qe8 16. exf5 Bxf5 17. Qe2 Qa4 18.
Nb3 Qxa2 0-1

[Site "Europe Echecs"]

[Event "Championnat d'Europe de Blitz"]
[Date "2024.12.09"]
[White "Pichot, Alan"]
[Black "Radeva, Viktoria"]
[WhiteElo "2637"]
[BlackElo "2275"]
[Round "2.36"]
[Result "1-0"]
[TimeControl "180+2"]

1. e4 c5 2. Nf3 a6 3. Nc3 e6 4. d4 cxd4 5. Nxd4 Qc7 6. Bd3 Nf6 7. O-O d6 8. f4 Be7 9. Qe2 Nbd7 10. a4 b6 11. Bd2 Bb7 12. Rae1 O-O 13. Kh1 Nc5 14. Rf3 d5 15. e5 Nfe4 16. Rh3 Rfe8 17. Nd1 Bf8 18. Be3 Rac8 19. Nf2 Nxd3 20. cxd3 Nxf2+ 21. Bxf2 g6 22. Bh4 Bg7 23. Qe3 Qc5 24. Bf6 Qb4 25. Rf1 Rc7 26. Rh4 Rec8 27. f5 exf5 28. Bxg7 Qxb2 29. Rxh7 Rc1 30. Rh8+ 1-0

[Site "Europe Echecs"]

[Event "Championnat d'Europe de Blitz"]
[Date "2024.12.09"]
[White "Avramidou, Anastasia"]
[Black "Dvirnyy, Danyyil"]
[WhiteElo "2298"]
[BlackElo "2491"]
[Round "2.37"]
[Result "0-1"]
[TimeControl "180+2"]

1. d4 Nf6 2.
c4 e6 3. Nf3 d5 4. Nc3 a6 5. cxd5 exd5 6. Bg5 Be6 7. e3 Nbd7 8. Bd3 Bd6 9. Qc2 h6 10. Bh4 c6 11. O-O Qc7 12. Rfe1 O-O 13. e4 dxe4 14. Nxe4 Nxe4 15. Bxe4 Rfe8 16. Rad1 Qa5 17. a3 Bg4 18. Re2 Qh5 19. Bg3 Bxg3 20. hxg3 Nf6 21. Rde1 Re6 22. Bd3 Rxe2 23. Bxe2 Re8 24. Qc1 a5 25. Qd2 Re6 26. Qd1 Qd5 27. Ne5 Bxe2 28. Rxe2 Nd7 29. Nxd7 Qxd7 30. Rxe6 Qxe6 31. Qd2 Qd5 32. Qe3 a4 33. Qe8+ Kh7 34. Qe3 b5 35. g4 g6 36. f3 Kg8 37. Qe8+ Kg7 38. Qe3 Qd6 39. Kf2 Qd5 40. Ke2 Qc4+ 41. Kd2 Qf1 42. Qe5+ Kf8 43. Qd6+ Kg8 44. Qxc6 Qxg2+ 45. Kc3 Qe2 46. Qc8+ Kg7 47. Qb7 Qc4+ 48. Kd2 Qxd4+ 49. Kc2 Qc4+ 50. Kd2 Qf4+ 51. Ke2 Qe5+ 52. Kf1 Qxb2 53. Qd7 b4 54. axb4 0-1

[Site "Europe Echecs"]

[Event "Championnat d'Europe de Blitz"]
[Date "2024.12.09"]
[White "Subelj, Jan"]
[Black "Biljanic, Ljubomir"]
[WhiteElo "2526"]
[BlackElo "2130"]
[Round "2.38"]
[Result "1-0"]
[TimeControl "180+2"]

1. e4 d6 2. d4 Nf6 3. f3 c6 4. c4 Qc7 5. Nc3 e5 6. d5 Be7 7. Be3 Nbd7 8. Nh3 O-O 9. Nf2 a5 10. Be2 h6 11. g4 Nh7 12. h4 Qd8 13. Qd2 c5 14. g5 h5 15. O-O-O Re8 16. f4 exf4 17. Bxf4 g6 18. Nb5 Ra6 19. Nd3 Bf8 20. Bf3 1-0

[Site "Europe Echecs"]

[Event "Championnat d'Europe de Blitz"]
[Date "2024.12.09"]
[White "Ciric, Pavle"]
[Black "Kuzubov, Yuriy"]
[WhiteElo "2346"]
[BlackElo "2595"]
[Round "2.39"]
[Result "0-1"]
[TimeControl "180+2"]

1. Nf3 d5 2. g3 g6 3. Bg2 Bg7 4. d4 c6 5. O-O Nf6 6. c4 O-O 7. cxd5 cxd5 8. Ne5 Nc6 9. Nxc6 bxc6 10. Nc3 Bf5 11. b3 Re8 12. Na4 Ne4 13. Bb2 Rc8 14. Rc1 f6 15. Nc5 Nxc5 16. Rxc5 Qd7 17. Qd2 Bf8 18. Ra5 Qb7 19. Ra4 e6 20. Qa5 Rc7 21. Rc1 Rb8 22. Qa6 Qxa6 23.
Rxa6 Rb6 24. Ra4 Kf7 25. Ba3 Bxa3 26. Rxa3 Ke7 27. Rc5 Kd6 28. e3 e5 29. Rca5 Rbb7 30. Bf1 exd4 31. exd4 Re7 32.
Kg2 h5 33.
h4 Rb4 34.
Rxa7 Rxa7 35. Rxa7 Rxd4 36. a4 Rd2 37. a5 Be4+ 38. Kg1 Rd1 39. a6 Bd3 40. Ra8 Rxf1+ 41. Kg2 Ra1 42.
a7 Kc7 43.
Rf8 Rxa7 44.
Rxf6 Rb7 0-1

[Site "Europe Echecs"]

[Event "Championnat d'Europe de Blitz"]
[Date "2024.12.09"]
[White "Djukic, Sandra"]
[Black "Saraci, Nderim"]
[WhiteElo "2080"]
[BlackElo "2431"]
[Round "2.40"]
[Result "0-1"]
[TimeControl "180+2"]

1. d4 Nf6 2.
c4 e6 3. Nc3 c5 4. d5 exd5 5. cxd5 d6 6. e4 g6 7. f3 Bg7 8. Be3 a6 9. a4 O-O 10. Nge2 Re8 11. Ng3 Nbd7 12.
Be2 Qc7 13.
O-O c4 14.
a5 b5 15.
axb6 Nxb6 16. Nh1 Nfd7 17. Nf2 Nc5 18. Ra3 Bd7 19. Bd4 Bxd4 20. Qxd4 Nb3 21. Qd1 Qc5 22. Kh1 Nd4 23. Ng4 Bxg4 24. fxg4 Nb5 25. Nxb5 axb5 26. Raf3 Re7 27. Qd2 Nd7 28. Bd1 Ne5 29. Rf6 b4 30. g5 c3 31. bxc3 bxc3 32. Qc2 Rb8 33. Qa4 Rc8 34. Bc2 Nc4 35. R6f3 0-1

[Site "Europe Echecs"]

[Event "Championnat d'Europe de Blitz"]
[Date "2024.12.09"]
[White "Paichadze, Luka"]
[Black "Papadimitriou, Athanasios"]
[WhiteElo "2532"]
[BlackElo "2267"]
[Round "2.41"]
[Result "1-0"]
[TimeControl "180+2"]

1. e4 d5 2. exd5 Nf6 3. c4 c6 4. d4 cxd5 5. Nc3 g6 6. Qb3 Bg7 7. cxd5 O-O 8. Be2 Nbd7 9. Bf3 Nb6 10. Nge2 e6 11. d6 Qxd6 12. Bf4 Qd7 13. O-O Rd8 14. Rac1 Nfd5 15. Bg3 Qe7 16. a4 Nxc3 17. bxc3 Nd5 18. c4 Nf6 19. a5 a6 20. Qb6 Rd7 21. Rb1 Ne8 22. c5 Bxd4 23. Nxd4 Rxd4 24. c6 Rd8 25. cxb7 Bxb7 26. Bxb7 1-0

[Site "Europe Echecs"]

[Event "Championnat d'Europe de Blitz"]
[Date "2024.12.09"]
[White "Ochedzan, Tymon"]
[Black "Bernadskiy, Vitaliy"]
[WhiteElo "2247"]
[BlackElo "2546"]
[Round "2.42"]
[Result "0-1"]
[TimeControl "180+2"]

1. e4 e6 2. d4 d5 3. Nc3 Nf6 4. e5 Nfd7 5. f4 c5 6. Nf3 Nc6 7. Be3 Rb8 8. Qd2 Qa5 9. Be2 b5 10. dxc5 b4 11. Nd1 Nxc5 12. Nf2 Ba6 13. O-O Bxe2 14. Qxe2 Be7 15. Nd4 Nxd4 16. Bxd4 Nd7 17. Nd3 g6 18. Qf2 a6 19. Kh1 Qc7 20. Rac1 h5 21. c3 b3 22. axb3 Rxb3 23. Ra1 O-O 24. Qc2 Qc4 25. Ra5 Rc8 26. Qd2 Nb8 27. Rfa1 Nc6 28. Rxa6 Nxd4 29.
cxd4 Rxd3 30. Qe1 Qxd4 31. R6a4 Qxb2 32. Rb1 Qd2 33. Qf1 Rdc3 0-1

[Site "Europe Echecs"]

[Event "Championnat d'Europe de Blitz"]
[Date "2024.12.09"]
[White "Kalezic, Blazo"]
[Black "Yuste Valenzuela, Alejandro"]
[WhiteElo "2382"]
[BlackElo "2150"]
[Round "2.43"]
[Result "0-1"]
[TimeControl "180+2"]

1. e4 e5 2.
Nf3 Nc6 3.
Bb5 a6 4. Ba4 d6 5. O-O g6 6. c3 Bg7 7. d4 Bd7 8. d5 Nb8 9. Bxd7+ Nxd7 10. c4 Ne7 11. Nc3 h6 12. Ne1 f5 13. Nd3 O-O 14. f4 fxe4 15. Nxe4 Nf5 16. Qg4 Qe8 17. fxe5 Nxe5 18. Nxe5 Qxe5 19. Bd2 Rae8 20. Ng3 Nxg3 21. hxg3 Qxb2 22. Rxf8+ Rxf8 23. Rd1 Kh7 24. Kh2 Rf5 25. Be3 Qc3 26. Qe4 Qe5 27. Qxe5 Rxe5 28. Rd3 Re4 29. c5 Be5 30. c6 bxc6 31. dxc6 Rc4 32. Bf4 Bxf4 33. gxf4 Rxc6 34. Re3 h5 35. Re7+ Kh6 36. Re6 Rc5 37. Kh3 a5 38. g3 a4 39. a3 Kg7 40. Re4 Ra5 41. Re7+ Kf6 42. Rxc7 Ke6 43. Rg7 Kf6 44. Rd7 d5 45. Rd8 Kf5 46. Kh4 Ke4 47. Kg5 Ra6 48. Re8+ Kd3 49. Rg8 d4 50. Rxg6 Rxg6+ 51. Kxg6 Ke3 52. f5 d3 53. f6 d2 54. f7 d1=Q 55. f8=Q Qg4+ 56.
Kh6 Qxg3 57.
Qc5+ Kf3 58.
Qc6+ Kf2 59.
Qxa4 h4 60.
Qd4+ Qe3+ 61. Qxe3+ Kxe3 62. a4 h3 0-1

[Site "Europe Echecs"]

[Event "Championnat d'Europe de Blitz"]
[Date "2024.12.09"]
[White "Uruci, Besim"]
[Black "Pancevski, Filip"]
[WhiteElo "2095"]
[BlackElo "2420"]
[Round "2.44"]
[Result "0-1"]
[TimeControl "180+2"]

1. d4 Nf6 2. Nf3 g6 3. Nc3 Bg7 4. e4 d6 5. h3 O-O 6. Bc4 a6 7. Be3 b5 8. Bd3 Bb7 9. a3 Nbd7 10. Nd2 e5 11. d5 c6 12. dxc6 Bxc6 13. O-O Nc5 14. f3 Nxd3 15. cxd3 d5 16. Bg5 Qd7 17. Qe2 Nh5 18. exd5 Bxd5 19. Nxd5 Qxd5 20. Qe4 Qd7 21. Kh2 f6 22. Bh4 Rad8 23. Nb3 Qxd3 24. Nc5 Qxe4 25. fxe4 Rd6 26. Rad1 Rfd8 27. Rxd6 Rxd6 28. Nb7 Rd2 29. b3 Nf4 30. Rg1 Rd3 31. Nc5 Rc3 32. Nxa6 Rxb3 33. Nc7 Rb2 34. Bg3 Ne2 35. Rd1 Nd4 36. Ra1 Bf8 37. a4 b4 38. a5 b3 39. a6 Ra2 40. Rb1 Bd6 41. Nd5 Kf7 42. Be1 Rxa6 43. Bc3 Ra3 44. Bb2 Ra2 45. Bxd4 exd4+ 46. Kg1 b2 47. Kf2 Ba3 0-1

[Site "Europe Echecs"]

[Event "Championnat d'Europe de Blitz"]
[Date "2024.12.09"]
[White "Gavrilescu, David"]
[Black "Sirigos, Nikolaos"]
[WhiteElo "2549"]
[BlackElo "2044"]
[Round "2.45"]
[Result "1-0"]
[TimeControl "180+2"]

1. e4 c5 2.
Nf3 d6 3. d4 cxd4 4. Qxd4 Nc6 5. Qe3 g6 6. h3 Bh6 7. Qc3 Qa5 8. Qxa5 Nxa5 9. Bxh6 Nxh6 10. Nc3 Be6 11. Bb5+ Kf8 12. O-O-O Rc8 13. e5 dxe5 14. Nxe5 Nf5 15. Rhe1 Nd6 16. Bd7 Bxd7 17. Nxd7+ Kg7 18. Rxe7 Nf5 19. Ree1 Rhd8 20. g4 Nh4 21. Rd3 Rc7 22. Nc5 Rdc8 23. N5e4 b5 24. Nd6 Rb8 25. Ne8+ Rxe8 26. Rxe8 b4 27.
Ne4 Ng2 28.
g5 Nf4 29. Rdd8 1-0

[Site "Europe Echecs"]

[Event "Championnat d'Europe de Blitz"]
[Date "2024.12.09"]
[White "Veljanoski, Andrej"]
[Black "Guliyev, Namig"]
[WhiteElo "2304"]
[BlackElo "2484"]
[Round "2.46"]
[Result "1-0"]
[TimeControl "180+2"]

1. e4 c5 2.
Nf3 d6 3. d4 cxd4 4. Nxd4 Nf6 5. Nc3 e6 6. g4 h6 7. Rg1 g5 8. Be3 a6 9. Bg2 Nbd7 10. Qe2 Ne5 11. h3 b5 12. a3 Bb7 13. O-O-O Rc8 14. f4 gxf4 15. Bxf4 Nfd7 16. Nb3 Nc4 17. Kb1 Qc7 18. e5 dxe5 19. Bxb7 Qxb7 20. Bg3 Bg7 21. Ne4 Rc6 22. h4 a5 23. g5 hxg5 24.
hxg5 b4 25. a4 Qc7 26. Qf3 Nf8 27. Nf6+ Bxf6 28. Qxf6 Rg8 29. Rh1 Nd7 30. Qf3 e4 31. Qg2 Nde5 32.
Qxe4 Ke7 33.
Rh7 Rd6 34.
Rf1 Qc6 35. Qh4 Ke8 36. Rh8 Rxh8 37. Qxh8+ Kd7 38. Bxe5 Nxe5 39. Qxe5 Ke8 40. Qh8+ Ke7 41. Qf6+ Kd7 42. Qxf7+ Kc8 43. g6 Rd7 44. Qf8+ Rd8 45. Qxd8+ Kxd8 46. g7 1-0

[Site "Europe Echecs"]

[Event "Championnat d'Europe de Blitz"]
[Date "2024.12.09"]
[White "Goncalves, Lucas Jordao"]
[Black "Grigoriants, Sergey"]
[WhiteElo "1990"]
[BlackElo "2542"]
[Round "2.48"]
[Result "0-1"]
[TimeControl "180+2"]

1. e4 c5 2.
Nf3 d6 3. d4 cxd4 4. Nxd4 Nf6 5. Nc3 a6 6. Bg5 Nbd7 7. Be2 e6 8. Qd2 b5 9. a3 Bb7 10. Bf3 Ne5 11. O-O-O Be7 12. Rhe1 Rc8 13. Kb1 O-O 14. Bh4 Qb6 15. Be2 Nxe4 16. Nxe4 Bxh4 17. Bd3 Qxd4 18.
Nf6+ Kh8 19.
Nd7 Nxd7 0-1

[Site "Europe Echecs"]

[Event "Championnat d'Europe de Blitz"]
[Date "2024.12.09"]
[White "Schneider, Ilja"]
[Black "Redzisz, Michal"]
[WhiteElo "2414"]
[BlackElo "2263"]
[Round "2.49"]
[Result "1/2-1/2"]
[TimeControl "180+2"]

1. e4 e5 2.
Nf3 Nf6 3. d4 Nxe4 4. Bd3 d5 5. Nxe5 Nd7 6. Nxd7 Bxd7 7. O-O Bd6 8. Nc3 Nxc3 9. bxc3 O-O 10. Qh5 f5 11. Re1 c6 12. Bg5 Qc7 13. Re3 g6 14. Qh4 Rae8 15. Rae1 Rxe3 16. Rxe3 Re8 17. Be7 Bxe7 18. Rxe7 Rxe7 19. Qxe7 b5 20. h4 h5 21. Kf1 Qc8 22. Ke2 Qe8 23.
Qxe8+ Bxe8 24. Ke3 Kg7 25. Kf4 Kf6 26. Be2 a5 27. f3 Bd7 28. Bd1 Be8 29. g4 Bd7 30. gxh5 gxh5 31. Be2 Be8 32. Ke3 Bd7 33. f4 Be8 34. Kd2 Ke7 35. Kc1 Kd6 36. Bd3 Bd7 37.
Kb2 c5 38. Kc1 c4 39. Be2 Be8 40. Bf1 Ke6 41. Kb2 Kd6 42. Bh3 Ke6 43. Bg2 Kd6 44. Kc1 1/2-1/2

[Site "Europe Echecs"]

[Event "Championnat d'Europe de Blitz"]
[Date "2024.12.09"]
[White "Sivan, Yaacov"]
[Black "Zajic, Milan"]
[WhiteElo "2273"]
[BlackElo "2392"]
[Round "2.50"]
[Result "0-1"]
[TimeControl "180+2"]

1. e4 g6 2. d4 Bg7 3. Nc3 a6 4. Be3 b5 5. Qd2 Bb7 6. f3 d6 7. O-O-O Nd7 8. Kb1 b4 9. Nce2 a5 10. g4 e6 11. h4 h6 12. g5 d5 13. exd5 Bxd5 14. gxh6 Nxh6 15. Nf4 Bb7 16. Bd3 Nf5 17. Bxf5 gxf5 18. h5 Nb6 19. Qe2 Qd7 20. Ngh3 O-O-O 21. Nf2 Kb8 22. N2d3 Qb5 23. Qf2 Bh6 24. Nc5 Na4 25. Nxa4 Qxa4 26. d5 Bxf4 27. Bxf4 Bxd5 28. b3 Qc6 29. Rd3 f6 30. h6 e5 31. Bc1 f4 32.
Bb2 Be6 33.
Ka1 Rxd3 34. cxd3 Bd5 35. Rh3 Qe6 36. Qg2 Qf5 37. Rh1 Rh7 38. d4 0-1

[Site "Europe Echecs"]

[Event "Championnat d'Europe de Blitz"]
[Date "2024.12.09"]
[White "Costachi, Mihnea"]
[Black "Mueller, Magnus"]
[WhiteElo "2464"]
[BlackElo "2166"]
[Round "2.51"]
[Result "1-0"]
[TimeControl "180+2"]

1. d4 Nf6 2. c4 e6 3. Nf3 d5 4. Nc3 c6 5. cxd5 exd5 6. Qc2 g6 7. h3 Bf5 8. Qb3 Qb6 9. g4 Be6 10. Qc2 Nbd7 11. Bf4 c5 12. e3 c4 13. Bg2 Bb4 14. O-O Bxc3 15. bxc3 O-O 16. Rab1 Qc6 17. Rfd1 h5 18. Ne5 Nxe5 19. dxe5 Ne4 20. Bxe4 dxe4 21. Rd6 Qc8 22. gxh5 Bxh3 23. e6 Bxe6 24. hxg6 Bh3 25. Qxe4 Qg4+ 26. Kh2 Qh5 27. gxf7+ Rxf7 28. Qg6+ Qxg6 29. Rxg6+ 1-0

[Site "Europe Echecs"]

[Event "Championnat d'Europe de Blitz"]
[Date "2024.12.09"]
[White "Martins, Diogo Faria Oliveira"]
[Black "Dragnev, Valentin"]
[WhiteElo "1961"]
[BlackElo "2563"]
[Round "2.52"]
[Result "0-1"]
[TimeControl "180+2"]

1. e4 c6 2. d4 d5 3. f3 e6 4. Nc3 Bb4 5. Bf4 Ne7 6. Qd3 b6 7. Nge2 O-O 8. O-O-O Bb7 9. Kb1 c5 10. exd5 exd5 11. dxc5 bxc5 12. Bg5 f6 13. Bh4 Nd7 14. Nf4 Ne5 15. Qb5 Qd6 16. Ncxd5 Nxd5 17. Nxd5 Bxd5 18. Bc4 Nxc4 19. Qxc4 Bxc4 20. Rxd6 Rad8 21. Rhd1 Rxd6 22. Rxd6 Ba5 23. b3 Bf7 24. Bf2 Bb6 25. a4 Rb8 26. a5 Bxa5 27. Bxc5 Bb6 28. Ba3 h5 29. Rd7 Rd8 30. Rxd8+ Bxd8 31. c4 Bg6+ 32. Kb2 Bc7 33. b4 Bxh2 34. c5 Be8 35. Kc3 Kf7 36. Kd4 Ke6 37. Bc1 Be5+ 38. Kc4 a6 39. Be3 Bb5+ [Site "Europe Echecs"]

[Event "Championnat d'Europe de Blitz"]
[Date "2024.12.09"]
[White "Boyer, Mahel"]
[Black "Plesec, Damjan"]
[WhiteElo "2526"]
[BlackElo "2206"]
[Round "2.53"]
[Result "1-0"]
[TimeControl "180+2"]

1. Nf3 Nf6 2. c4 d6 3.
d4 Nbd7 4.
g3 e5 5. Bg2 g6 6. O-O Bg7 7. Nc3 O-O 8. e4 c6 9. h3 Qc7 10. Be3 Re8 11. d5 c5 12. a3 a6 13. Qd3 b6 14. b4 Bb7 15. Rfc1 Reb8 16. Na4 Bc8 17. Rab1 Nf8 18. bxc5 bxc5 19. Nd2 Bd7 20. Nc3 Qa5 21. Qc2 Ne8 22. Rb3 Ba4 23. Rxb8 Bxc2 24. Rxa8 Qxc3 25. Rxe8 f6 26. Rb8 f5 27. Rb3 Bxb3 28. Rxc3 Ba4 29. Rc1 1-0

[Site "Europe Echecs"]

[Event "Championnat d'Europe de Blitz"]
[Date "2024.12.09"]
[White "Shapkaroski, Goce"]
[Black "Papasimakopoulos, Alexandros"]
[WhiteElo "2137"]
[BlackElo "2379"]
[Round "2.54"]
[Result "0-1"]
[TimeControl "180+2"]

1. e4 e6 2.
d4 d5 3. Nc3 Bb4 4. exd5 exd5 5. Bd3 Nc6 6. Nge2 Nge7 7. O-O Bf5 8. a3 Ba5 9. b4 Bb6 10. Bb5 O-O 11. Be3 a6 12. Ba4 Bg6 13. Bb3 Nb8 14. Na4 Ba7 15. Nc5 Bxc5 16. dxc5 c6 17. Nd4 Nd7 18. c4 dxc4 19. Bxc4 Ne5 20. Bb3 Nd5 21. Qd2 Nxe3 22. Qxe3 Re8 23. Qc3 Qh4 24. Nf3 Nxf3+ 25. Qxf3 a5 26.
g3 Qe4 27.
Qxe4 Rxe4 28. Bc2 Rc4 29. Bxg6 hxg6 30. Rfc1 Rxc1+ 31. Rxc1 axb4 32. axb4 Ra4 33. Rc4 f6 34. Rd4 g5 35. Kg2 Kh7 36. h4 gxh4 37. Rxh4+ Kg6 38. Rd4 Kf5 39. f4 g5 40. fxg5 fxg5 41. Kf3 g4+ 42. Ke2 Ra2+ 43. Rd2 Ra3 44. Rd3 Ra2+ 45. Rd2 Rxd2+ 46. Kxd2 Ke4 47. Ke2 Kd4 48. Kd2 Kc4 49. Ke3 Kxb4 50. Kf4 Kxc5 51. Kxg4 b5 52. Kf4 b4 53. g4 b3 54. g5 b2 55. g6 b1=Q 0-1

[Site "Europe Echecs"]

[Event "Championnat d'Europe de Blitz"]
[Date "2024.12.09"]
[White "Sarana, Alexey"]
[Black "Zajic, Milan"]
[WhiteElo "2674"]
[BlackElo "2392"]
[Round "3.1"]
[Result "1-0"]
[TimeControl "180+2"]

1. d4 Nf6 2. c4 e6 3. Nc3 Bb4 4. Nf3 O-O 5. e3 d5 6.
Bd3 dxc4 7.
Bxc4 c5 8. O-O cxd4 9. exd4 b6 10. Qe2 Bb7 11. Rd1 h6 12. h3 Nc6 13. d5 exd5 14. Nxd5 Nxd5 15.
Bxd5 Qf6 16.
Be3 Rfe8 17.
Qb5 Bf8 18.
Rd2 Rad8 19.
Rad1 Rd6 20.
Bxf7+ Kxf7 21. Rxd6 Bxd6 22. Qh5+ Kf8 23. Nh4 Re6 24. Nf5 Kg8 25. Qg4 Kh7 26. Nh4 Bc8 27. Qc4 Bc5 28. Bxc5 bxc5 29. Qc2+ g6 30. Nf3 Rd6 31. Re1 Bf5 32. Qxc5 Re6 33. Rd1 Ne5 34. Nxe5 Rxe5 35. Qxa7+ Re7 36. Qa3 Rb7 37. b3 h5 38. Qc5 Qb6 39. Qe5 Ra7 40. Rd2 Qa5 41. Qe3 Qa6 42. Qf4 Re7 43. Kh2 Qe6 44. a4 Qe5 45. Qxe5 Rxe5 46. b4 Re4 47. Rb2 Bd7 48. f3 Rc4 49. a5 Bb5 50. Kg3 h4+ 51. Kf2 Rc3 52. Rd2 Rb3 53. Rd4 g5 54. Rd5 Rxb4 55. Rxg5 Kh6 56. Rg4 Rxg4 57. fxg4 Kg5 58. g3 Ba6 59. gxh4+ Kxh4 60. Ke3 Bc8 61. Ke4 1-0

[Site "Europe Echecs"]

[Event "Championnat d'Europe de Blitz"]
[Date "2024.12.09"]
[White "Fedoseev, Vladimir"]
[Black "Costachi, Mihnea"]
[WhiteElo "2709"]
[BlackElo "2464"]
[Round "3.2"]
[Result "1-0"]
[TimeControl "180+2"]

1. e4 e5 2.
Nf3 Nc6 3. Bc4 Bc5 4. O-O d6 5. c3 Nf6 6. d4 Bb6 7. Re1 h6 8. a4 a6 9. Be3 Ng4 10. Nbd2 O-O 11. Nf1 Qf6 12. dxe5 Ncxe5 13. Bxb6 Nxc4 14. Bd4 Qg6 15. Qe2 Nce5 16. N3d2 c5 17. Bxe5 Nxe5 18. f4 Nc6 19. Nc4 Bg4 20. Qd3 Rad8 21. f5 Qg5 22. h3 d5 23. exd5 Bxf5 24. Qf3 Ne7 25. Rxe7 Qxe7 26. Qxf5 Qe2 27. b3 Rfe8 28. a5 g6 29. Qf4 Rxd5 30. Nfe3 Rg5 31. Ng4 Kg7 32. Qf6+ Kf8 33. Qh8+ Ke7 34. Qxh6 Rf5 35. Qe3+ Kf8 36. Qxe2 Rxe2 37. Rd1 Rc2 38. Nge3 Rxc3 39.
Nxf5 gxf5 40. Rb1 Ke7 41. Kf2 Kf6 42. Nd6 Rc2+ 43. Kf1 Ke5 44. Nxb7 Kd4 45. Nd6 f4 46. Re1 Rb2 47. Rd1+ Kc3 48. Ne4+ Kxb3 49. Nxc5+ Kc4 50.
Nxa6 1-0

[Site "Europe Echecs"]

[Event "Championnat d'Europe de Blitz"]
[Date "2024.12.09"]
[White "Dragnev, Valentin"]
[Black "Korobov, Anton"]
[WhiteElo "2563"]
[BlackElo "2629"]
[Round "3.3"]
[Result "0-1"]
[TimeControl "180+2"]

1. e4 e6 2.
d4 d5 3. Nd2 h6 4. Ngf3 Nf6 5. e5 Nfd7 6. c3 c5 7. a3 a5 8. Bb5 Nc6 9. O-O Qb6 10. Qa4 Be7 11. Rd1 O-O 12. Nf1 c4 13. b3 cxb3 14. Rb1 f5 15. Qxb3 Na7 16. a4 Nxb5 17. axb5 Qc7 18. Ba3 Nb6 19. Bxe7 Qxe7 20. N1d2 a4 21. Qa2 Bd7 22. Ne1 Rfc8 23. Rdc1 Ra5 24. Nd3 Rxb5 25. Nc5 Rcxc5 26. dxc5 Qxc5 27. Rxb5 Bxb5 28. Rb1 Bc6 29. Nf3 Qxc3 30. h4 Nc4 31. h5 a3 32. Qe2 d4 33. Ne1 Be4 34. Rd1 Nb2 35. Ra1 d3 36. Qe3 Nc4 37. Qc5 Qxa1 38. Qc8+ Kh7 39. Qxe6 Qxe1+ 40. Kh2 Nxe5 0-1

[Site "Europe Echecs"]

[Event "Championnat d'Europe de Blitz"]
[Date "2024.12.09"]
[White "Papasimakopoulos, Alexandros"]
[Black "Deac, Bogdan-Daniel"]
[WhiteElo "2379"]
[BlackElo "2696"]
[Round "3.4"]
[Result "1/2-1/2"]
[TimeControl "180+2"]

1. d4 Nf6 2.
c4 e6 3. Nc3 Bb4 4. Qb3 c5 5. dxc5 Bxc5 6. Nf3 Nc6 7. Bg5 Be7 8. e3 h6 9. Bh4 b6 10. Be2 Bb7 11. O-O O-O 12. Rfd1 Rc8 13. Qa4 a6 14. Rd2 Qc7 15. Rad1 Rfd8 16. Rc1 Qb8 17. Qd1 d6 18. Bg3 Nh5 19. Bh4 Bxh4 20. Nxh4 Nf6 21. Nf3 Ne7 22. Nd4 Qa8 23. Qf1 Rc7 24. Rcd1 Rdc8 25. h3 d5 26. cxd5 Nexd5 27. Nxd5 Nxd5 28. Bf3 Nf6 29. Bxb7 Qxb7 30. Nf3 g6 31. Rd8+ Kg7 32. Rxc8 Qxc8 33. Qd3 b5 34. a3 Rc2 35. Qd4 Rc4 36. Qd6 Rc6 37. Qd4 Rc4 38. Qd6 Rc6 39. Qd4 Qc7 40. Ne5 Rc1 41. Rxc1 Qxc1+ 42. Kh2 Qc7 43. f4 Kh7 44. b3 Nd5 45. Ng4 h5 46. Nf6+ Nxf6 47. Qxf6 Kg8 48. Qd4 Qe7 49. a4 bxa4 50.
bxa4 Qc7 51.
Kg3 a5 52.
Kh2 Kh7 53.
Kg3 Kg8 54. Kf2 Qb8 55. Kg3 Qc7 1/2-1/2

[Site "Europe Echecs"]

[Event "Championnat d'Europe de Blitz"]
[Date "2024.12.09"]
[White "Mamedov, Rauf"]
[Black "Boyer, Mahel"]
[WhiteElo "2656"]
[BlackElo "2526"]
[Round "3.5"]
[Result "1-0"]
[TimeControl "180+2"]

1. e4 Nc6 2. Nf3 d5 3. exd5 Qxd5 4. Nc3 Qh5 5. Nb5 Kd8 6. d4 Bg4 7. Bf4 a6 8. Nc3 Bxf3 9. gxf3 Nf6 10. d5 Ne5 11. Be2 g6 12. Bg3 Qf5 13. f4 Ned7 14. Qd4 Bg7 15. O-O-O Kc8 16. Rhe1 Nh5 17. Qb4 a5 18. Qxe7 Bf6 19. Qe3 Nb6 20. d6 Nd7 21. dxc7 a4 22. Nb5 Ra6 23. Bg4 Qxb5 24. Bxd7+ Qxd7 25. Rxd7 Kxd7 26. f5 Rc6 27. Qd3+ Kc8 28. Rd1 Nxg3 29. Qd7# 1-0

[Site "Europe Echecs"]

[Event "Championnat d'Europe de Blitz"]
[Date "2024.12.09"]
[White "Stankovic, Milos"]
[Black "Jobava, Baadur"]
[WhiteElo "2462"]
[BlackElo "2578"]
[Round "3.6"]
[Result "0-1"]
[TimeControl "180+2"]

1. d4 d5 2.
Nf3 Nf6 3. Bf4 c5 4. e3 cxd4 5. exd4 Nc6 6. Nbd2 Bf5 7. c3 e6 8. Qb3 Qb6 9. Qxb6 axb6 10. Bb5 Nd7 11. O-O f6 12. Rfe1 g5 13. Bg3 h5 14. c4 Kf7 15. cxd5 exd5 16. h3 Bb4 17. a3 Bxd2 18. Nxd2 Nxd4 19. Bxd7 Bxd7 20. Rad1 Ba4 21. b3 Nxb3 22. Nxb3 Bxb3 23. Rb1 Ba4 24. Rxb6 Bc6 25. Bd6 Rhe8 26. Rbb1 h4 27. Bc5 Kg6 28. f3 Re5 29. Kf2 Kf5 30. Rb3 Ra4 31. Rd3 Rc4 32. Bb4 d4 33. Red1 Rd5 34. R1d2 Bb5 35. Rb3 Ba4 36. Rbb2 d3 37. Be7 b5 38. Bb4 Bc2 39. Ba5 Re5 40. Bb4 Rc6 41. Ba5 Rce6 42. Bb4 Re2+ 43. Kf1 Re1+ 44. Kf2 R6e2+ 45. Rxe2 Rxe2+ 46. Kf1 d2 47.
Bxd2 Rxd2 48. Rxb5+ Kf4 49. Rb6 f5 50. Kg1 0-1

[Site "Europe Echecs"]

[Event "Championnat d'Europe de Blitz"]
[Date "2024.12.09"]
[White "Santos Latasa, Jaime"]
[Black "Vuckovic, Zarko"]
[WhiteElo "2628"]
[BlackElo "2334"]
[Round "3.7"]
[Result "1-0"]
[TimeControl "180+2"]

1. Nf3 d5 2. e3 Nf6 3. c4 e6 4.
Nc3 Be7 5. b3 O-O 6. Bb2 c5 7. cxd5 Nxd5 8. Qc2 Nc6 9. h4 Nf6 10. a3 e5 11. Bc4 a6 12. Ng5 h6 13. Nd5 e4 14. Nxf6+ Bxf6 15. Qxe4 Bxg5 16. hxg5 Qxg5 17. Bd3 g6 18. f4 Qg3+ 19. Kf1 h5 20. Rxh5 f6 21. Rg5 1-0

[Site "Europe Echecs"]

[Event "Championnat d'Europe de Blitz"]
[Date "2024.12.09"]
[White "Nikolovski, Nikola"]
[Black "Van Foreest, Jorden"]
[WhiteElo "2407"]
[BlackElo "2677"]
[Round "3.8"]
[Result "0-1"]
[TimeControl "180+2"]

1. e4 e5 2. Nf3 Nc6 3. Nc3 Nf6 4. Bb5 Bb4 5. O-O O-O 6. Bxc6 dxc6 7. d3 Nd7 8. Ne2 a5 9. Ng3 Re8 10. Kh1 Nf8 11. h3 Ng6 12. Nh5 a4 13. a3 Bd6 14. Nh2 Qh4 15. Ng3 Qd8 16. Nh5 c5 17. f4 exf4 18. Nxf4 c4 19. Qf3 Qf6 20. dxc4 Nxf4 21.
Bxf4 Qxf4 22. Qxf4 Bxf4 23. Rxf4 Be6 24.
e5 Red8 25.
Nf3 h6 26.
h4 Ra6 27. Kg1 Rc6 28. b3 Rc5 29. Re1 Ra8 30. Ra1 Rd8 31. Re1 Kf8 32. Kf2 Ke7 33. Ke2 b5 34. bxa4 Bxc4+ 35. Kf2 bxa4 36. Nd4 Be6 37. Re2 Rc3 38. Re3 Rc4 39. c3 Rc5 40. Kf3 Bd5+ 41. Kg3 Be6 42. Kf3 Rb8 43. g4 Rb2 44. g5 hxg5 45. hxg5 Ra2 46.
Ke4 Bd5+ 47.
Kf5 Rg2 48.
Rg4 Be6+ 49.
Nxe6 fxe6+ 50. Kf4 Rc4+ 0-1

[Site "Europe Echecs"]